 Dungeon Crawl Stone Soup version 0.25.0-9-g26727b657a (webtiles) character file.

Game seed: 17455707427105460891

122 vurker the Gusty (level 5, -2/29 HPs)
             Began as a Tengu Air Elementalist on June 17, 2020.
             Slain by Sigmund
             ... wielding a +0 scythe
              (6 damage)
             ... on level 3 of the Dungeon.
             The game lasted 00:04:17 (1405 turns).

vurker the Gusty (Tengu Air Elementalist)           Turns: 1405, Time: 00:04:18

Health: -2/29      AC:  3    Str:  8    XL:     5   Next: 6%
Magic:  10/10      EV: 14    Int: 16    God:
Gold:   41         SH:  0    Dex: 11    Spells: 0/10 levels left

rFire    . . .     SeeInvis .   k - +0 dagger
rCold    . . .     Gourm    .   (no shield)
rNeg     . . .     Faith    .   a - +0 robe
rPois    .         Spirit   .   (helmet restricted)
rElec    .         Reflect  .   (no cloak)
rCorr    +         Harm     .   c - +0 pair of gloves
MR       .....                  (boots unavailable)
Stlth    ++........             g - amulet of magic regeneration
HPRegen  0.09/turn              l - ring of resist corrosion
MPRegen  0.37/turn              h - -4 ring of dexterity (curse)

@: berserk cooldown, flying quickly and evasively, slowed, very slow
A: beak, talons 3, able to fly
a: Stop Flying


You were on level 3 of the Dungeon.
You were not hungry.

You visited 1 branch of the dungeon, and saw 4 of its levels.

You collected 41 gold pieces.

Inventory:

Hand Weapons
 k - a +0 dagger (weapon)
   (You took it off a goblin on level 1 of the Dungeon)
Armour
 a - a +0 robe (worn)
 c - a +0 pair of gloves (worn)
   (You found it on level 1 of the Dungeon)
Jewellery
 g - an amulet of magic regeneration (around neck)
   (You found it on level 1 of the Dungeon)
 h - a cursed -4 ring of dexterity (right hand)
   (You found it on level 4 of the Dungeon)
 l - a ring of resist corrosion (left hand)
   (You found it on level 1 of the Dungeon)
Scrolls
 d - a scroll of blinking {unknown}
 f - 2 scrolls of identify {unknown}
 i - a scroll of amnesia {unknown}
 m - a scroll of remove curse {unknown}
 o - 2 scrolls of random uselessness {unknown}
 p - a scroll of enchant armour {unknown}
Potions
 b - a potion of might {unknown}
 n - a potion of brilliance {unknown}
Comestibles
 e - 6 rations
 j - 7 chunks of flesh


   Skills:
 + Level 1.5 Fighting
 - Level 2.1 Dodging
 - Level 2.0 Stealth
 * Level 3.1 Spellcasting
 + Level 2.8 Conjurations
 * Level 5.3 Air Magic


You couldn't memorise any spells.
You knew the following spells:

 Your Spells              Type           Power        Failure   Level  Hunger
a - Shock                 Conj/Air       ###.         3%          1    None
b - Lightning Bolt        Conj/Air       ###.......   67%         5    ######.
c - Airstrike             Air            ###.......   21%         4    ####...

Your spell library contained the following spells:

 Spells                   Type           Power        Failure   Level  Hunger
 Swiftness                Chrm/Air       ##......     10%         2    ##.....
 Static Discharge         Conj/Air       ###.....     11%         3    ###....


Dungeon Overview and Level Annotations

Branches:
Dungeon (4/15)
 Temple: D:4-7

Altars:
Fedhas
Nemelex Xobeh
Qazlal
Sif Muna

Annotations:
D:2 Natasha
D:3 Sigmund


Innate Abilities, Weirdness & Mutations

You have a beak for a mouth.
You have claws for feet.
You can fly continuously.


Message History

Aim: a leopard gecko (almost dead)
The zap hits the leopard gecko.
You kill the leopard gecko!
You are confused.
You're too confused to move!
You bump into the rock wall.
You bump into the rock wall.
You feel less confused.
A magic dart appears from out of thin air!
The magic dart hits you.
You can't see any susceptible monsters within range! (Use Z to cast anyway.)
You see here a bat skeleton.
A magic dart appears from out of thin air!
The magic dart hits you.
Found a scroll labeled JASAFF YGHI.
Found a scroll labeled CYOTHI QUXIA.
Found 26 arrows.
Okay, then.
Found a ration.
You hear some strange, mumbled words.
Something tries to affect you, but you resist.
Unknown command.
Something hits you. Something hits you but does no damage.
Something barely misses you. Something hits you.
* * * LOW HITPOINT WARNING * * *
There is a stone staircase leading down here.
Sigmund gestures at you while chanting. The magic dart hits you!
* * * LOW HITPOINT WARNING * * *
Sigmund points at you and mumbles some strange words.
The magic dart hits you.
* * * LOW HITPOINT WARNING * * *
It was a potion of berserk rage.
A red film seems to cover your vision as you go berserk!
You feel yourself moving faster!
You feel mighty!
Sigmund points at you and mumbles some strange words.
You resist with some effort.
Unknown command.
You feel a strong urge to attack something.
You feel your anger nearly subside. Sigmund barely misses you.
You are no longer berserk.
You are exhausted.
You feel yourself slow down.
You hit Sigmund. You claw Sigmund, but do no damage.
Sigmund says, "I'm your fate." Sigmund hits you with a +0 scythe.
You die...

..# .# #.###.# ##.
##.....###... #..........##
#............
############............
.......................%
.......>..@@..........#
#######.####..........#
##÷..# #.........##
#########..######..?......#
.†..............>......?(.#
....#############.........#
##### ######.#### ##


You could see Sigmund.

Vanquished Creatures
  A hound (D:4)
  A worker ant (D:4)
  An adder (D:4)
  2 oozes (D:1)
  A worm (D:2)
  2 dart slugs
  2 leopard geckos
  4 orcs (D:3)
  A giant cockroach (D:3)
  4 goblins (D:1)
  2 hobgoblins (D:1)
  4 jackals (D:2)
  3 kobolds
  7 bats
  2 frilled lizards
  4 rats
41 creatures vanquished.

Notes
Turn   | Place    | Note
-------+----------+-------------------------------------------
     0 | D:1      | vurker the Tengu Air Elementalist began the quest for the
                  | Orb.
     0 | D:1      | Reached XP level 1. HP: 10/10 MP: 4/4
   161 | D:1      | Reached XP level 2. HP: 16/16 MP: 4/6
   377 | D:1      | Reached XP level 3. HP: 20/20 MP: 4/7
   597 | D:2      | Reached skill level 1 in Fighting
   765 | D:2      | Found a sparkling altar of Nemelex Xobeh.
   767 | D:2      | Found a shimmering blue altar of Sif Muna.
   792 | D:2      | Noticed Natasha
   794 | D:2      | You fall into a shaft and drop 2 floors!
   813 | D:4      | Reached skill level 5 in Air Magic
   813 | D:4      | Reached XP level 4. HP: 10/25 MP: 6/9
  1041 | D:4      | Found a blossoming altar of Fedhas.
  1045 | D:4      | Found a stormy altar of Qazlal.
  1255 | D:3      | Gained mutation: You can fly continuously. [Tengu growth]
  1255 | D:3      | Reached XP level 5. HP: 24/29 MP: 7/10
  1275 | D:3      | Learned a level 5 spell: Lightning Bolt
  1280 | D:3      | Learned a level 4 spell: Airstrike
  1331 | D:3      | Noticed Sigmund
  1405 | D:3      | Slain by Sigmund

Illustrated notes

Levels and vault maps discovered:
D:1:      minmay_arrival_loop, layout_basic
D:2:      layout_loops_cross, ashenzari_altar_1, minitemple, uniq_natasha
D:3:      layout_rooms, bloody_trog, uniq_sigmund
D:4:      layout_basic, grunt_temple_overflow_forces_of_nature,
          corexii_leaking_fountain, uniq_blork_the_orc

Skill      XL: |  1  2  3  4 |
---------------+-------------+-----
Conjurations   | 2 |  2.8
Fighting       | 1 |  1.5
Air Magic      | 5 |  5.3
Spellcasting   | 3 |  3.1
Dodging        | |  2.1
Stealth        | |  2.0

Action                   |  1- 3 |  4- 6 || total
-------------------------+-------+-------++-------
Melee: Dagger            |       |     1 ||     1
       Kick              |       |     1 ||     1
 Cast: Shock             |    70 |    28 ||    98
 Abil: Fly               |       |     1 ||     1
  Use: Potion            |     3 |     1 ||     4
  Eat: Chunk             |       |     2 ||     2
Armor: Robe              |     4 |       ||     4
Dodge: Dodged            |    15 |     6 ||    21
